 Dungeon Crawl Stone Soup version 0.26.1-11-gd32895ea62 (webtiles) character file.

Game seed: 5826388782618553253

55 DildoBatman the Conjurer (level 4, -3/30 HPs)
             Began as a Formicid Conjurer on July 12, 2021.
             Slain by a kobold
             ... wielding a +0 whip
              (5 damage)
             ... on level 2 of the Dungeon.
             The game lasted 00:03:12 (1364 turns).

DildoBatman the Conjurer (Formicid Conjurer)        Turns: 1364, Time: 00:03:12

Health: -3/30      AC:  3    Str: 12    XL:     4   Next: 14%
Magic:  7/7        EV: 12    Int: 17    God:
Gold:   36         SH:  0    Dex: 10    Spells: 4/7 levels left

rFire    . . .     SeeInvis +   a - +0 hunting sling
rCold    . . .     Faith    .   (no shield)
rNeg     . . .     Spirit   .   e - +0 robe
rPois    .         Reflect  .   (helmet unavailable)
rElec    .         Harm     .   (no cloak)
rCorr    .         Rampage  .   (no gloves)
Will     .....                  o - +0 pair of boots
Stlth    ++........             p - amulet of the acrobat
HPRegen  0.10/turn              (no ring)
MPRegen  0.10/turn              (no ring)

@: no status effects
A: permanent stasis, dig shafts and tunnels, four strong arms, antennae 3
a: Dig, Shaft Self


You were on level 2 of the Dungeon.
You visited 1 branch of the dungeon, and saw 2 of its levels.

You collected 36 gold pieces.

Inventory:

Hand Weapons
 a - a +0 hunting sling (weapon)
 b - a +0 club
Missiles
 g - 27 arrows
 i - 41 bolts
 j - 26 stones (quivered ammo)
 l - 2 boomerangs
Armour
 e - a +0 robe (worn)
 o - a +0 pair of boots (worn)
Jewellery
 p - an amulet of the acrobat (around neck)
Scrolls
 c - 3 scrolls of identify {unknown}
 d - 2 scrolls of enchant armour {unknown}
 k - a scroll of magic mapping {unknown}
 m - a scroll of fog {unknown}
 n - 2 scrolls of enchant weapon {unknown}
 q - 2 scrolls of remove curse {unknown}
 r - a scroll of fear {unknown}
 s - a scroll of teleportation {unknown}
Potions
 f - a potion of degeneration {unknown}
 h - a potion of might {unknown}
 t - a potion of flight {unknown}


   Skills:
 - Level 1.7 Dodging
 - Level 2.4 Stealth
 - Level 2.1 Spellcasting
 * Level 4.9 Conjurations


You had 4 spell levels left.
You knew the following spells:

 Your Spells              Type           Power        Failure   Level
a - Searing Ray           Conj           36%          3%          2
c - Magic Dart            Conj           72%          2%          1

Your spell library contained the following spells:

 Spells                   Type           Power        Failure   Level
 Dazzling Flash           Conj/Hex       20%          21%         3
 Fulminant Prism          Conj/Hex       5%           56%         4
 Iskenderun's Mystic Bla  Conj/Tloc      10%          56%         4


Dungeon Overview and Level Annotations

Branches:
Dungeon (2/15)

Altars:


Innate Abilities, Weirdness & Mutations

You cannot be hasted, slowed, berserked, paralysed or teleported.
You can dig through walls and to a lower floor.
Your four strong arms can wield two-handed weapons with a shield.
You have a pair of large antennae on your head. (SInv)


Message History

Anything else - Cancel.
You shout for attention!
The kobold hits you with a +0 whip. What are your orders? t - Shout!
Orders for allies: a - Attack new target. r - Retreat! s - Stop attacking. g - Guard the area. f - Follow me.
Anything else - Cancel.
You shout for attention!
The kobold hits you with a +0 whip. What are your orders? t - Shout!
Orders for allies: a - Attack new target. r - Retreat! s - Stop attacking. g - Guard the area. f - Follow me.
Anything else - Cancel.
You shout for attention!
The kobold hits you with a +0 whip.
You die...

#.....#....#####.#......###...
..... .....# #.#.....## #...
..... ..#### ##.#...### #...
########..#.#### ##..
.......#..#....#### #..
.......#..#.......####.
#8..#.....†......###
#.K'..#..........##
#.@'..#.###†####..# #...#..#.#
#.(. ......#..#.# #...$#
........#.##.# #...(#
#########..#.. #[..... ...#..
######.. .#.#.. ..


You could see a kobold.

Vanquished Creatures
  2 adders (D:2)
  A dart slug (D:1)
  A leopard gecko (D:2)
  A ball python (D:1)
  3 giant cockroaches
  2 goblins (D:1)
  5 hobgoblins (D:1)
  7 bats
  2 frilled lizards (D:1)
  3 kobolds (D:1)
  6 rats
33 creatures vanquished.

Notes
Turn   | Place    | Note
-------+----------+-------------------------------------------
     0 | D:1      | DildoBatman the Formicid Conjurer began the quest for the
                  | Orb.
     0 | D:1      | Reached XP level 1. HP: 13/13 MP: 3/3
   129 | D:1      | Reached skill level 4 in Conjurations
   129 | D:1      | Reached XP level 2. HP: 10/19 MP: 0/5
   133 | D:1      | Learned a level 2 spell: Searing Ray
   719 | D:1      | Reached XP level 3. HP: 20/24 MP: 6/6
  1303 | D:2      | Reached XP level 4. HP: 30/30 MP: 2/7
  1364 | D:2      | Slain by a kobold

Illustrated notes

Levels and vault maps discovered:
D:1:      dpeg_arrival_ternary, layout_basic, minivault_14
D:2:      minmay_recursive_quarters, layout_basic, kennysheep_slug_shrine,
          kennysheep_generic_room_7

Skill      XL: |  1 |
---------------+----+-----
Conjurations   | 4 |  4.9
Dodging        | |  1.7
Stealth        | |  2.4
Spellcasting   | |  2.1

Action                   |  1- 3 |  4- 6 || total
-------------------------+-------+-------++-------
Melee: Club              |    34 |       ||    34
       Unarmed           |     8 |       ||     8
 Fire: Hunting sling     |    11 |       ||    11
 Cast: Magic Dart        |    26 |       ||    26
       Searing Ray       |    10 |       ||    10
 Stab: Sleeping          |     2 |       ||     2
Armor: Robe              |     6 |     7 ||    13
Dodge: Dodged            |    44 |    26 ||    70
